 Dungeon Crawl Stone Soup version 0.21.0-24-g2553a33 (webtiles) character file.

30 tidbits the Skirmisher (level 3, -10/31 HPs)
             Began as a Gnoll Wanderer on Jan 20, 2018.
             Mangled by Sigmund
             ... wielding a +2 scythe of venom
              (13 damage)
             ... on level 2 of the Dungeon.
             The game lasted 00:03:41 (398 turns).

tidbits the Skirmisher (Gnoll Wanderer)              Turns: 398, Time: 00:03:42

Health: -10/31     AC:  2    Str: 13    XL:     3   Next: 18%
Magic:  2/7        EV: 11    Int: 14    God:
Gold:   67         SH:  0    Dex: 16    Spells: 0/7 levels left

rFire    . . .     SeeInvis .   a - +0 dagger
rCold    . . .     Gourm    .   (no shield)
rNeg     . . .     Faith    .   d - +0 robe
rPois    .         Spirit   .   (no helmet)
rElec    .         Reflect  .   (no cloak)
rCorr    .         Harm     .   (no gloves)
MR       .....                  (no boots)
Stlth    ++........             (no amulet)
HPRegen  0.10/turn              (no ring)
MPRegen  0.10/turn              (no ring)

@: no status effects
A: distributed training, fangs 1, strong nose
a: no special abilities


You were on level 2 of the Dungeon.
You were very full.

You visited 1 branch of the dungeon, and saw 3 of its levels.

You collected 67 gold pieces.

Inventory:

Hand Weapons
 a - a +0 dagger (weapon)
Armour
 d - a +0 robe (worn)
 g - a +0 ring mail
Scrolls
 f - a scroll of fear {unknown}
Books
 b - the Grimoire of Transmutation

   Spells                             Type                      Level
   a - Beastly Appendage              Transmutation                1
   b - Ignite Poison                  Fire/Transmutation/Poison    3
 e - a book of Maledictions

   Spells                             Type                      Level
   a - Corona                         Hexes                        1
   b - Ensorcelled Hibernation        Hexes/Ice                    2
   c - Confuse                        Hexes                        3
   d - Tukima's Dance                 Hexes                        3
   e - Dazzling Spray                 Conjuration/Hexes            3
Comestibles
 c - 2 rations


   Skills:
 + Level 4.5 Fighting
 + Level 0.6 Short Blades
 + Level 0.6 Long Blades
 + Level 0.6 Axes
 + Level 0.6 Maces & Flails
 + Level 0.6 Polearms
 + Level 0.6 Staves
 + Level 0.6 Slings
 + Level 0.6 Bows
 + Level 0.6 Crossbows
 + Level 2.5 Throwing
 + Level 2.5 Armour
 + Level 0.6 Dodging
 + Level 2.3 Stealth
 + Level 0.6 Shields
 + Level 0.6 Unarmed Combat
 + Level 2.8 Spellcasting
 + Level 0.4 Conjurations
 + Level 3.7 Hexes
 + Level 0.4 Charms
 + Level 0.4 Summonings
 + Level 0.4 Necromancy
 + Level 0.4 Translocations
 + Level 0.4 Transmutations
 + Level 0.4 Fire Magic
 + Level 0.4 Ice Magic
 + Level 0.4 Air Magic
 + Level 3.7 Earth Magic
 + Level 0.4 Poison Magic
 + Level 0.8 Invocations
 + Level 0.6 Evocations


You couldn't memorise any spells.
You knew the following spells:

 Your Spells              Type           Power        Failure   Level  Hunger
a - Corona                Hex            ##.....      4%          1    #......
c - Confuse               Hex            ##......     14%         3    ###....
e - Beastly Appendage     Tmut           #.....       19%         1    #......
h - Ensorcelled Hibernat  Hex/Ice        #.....       14%         2    ###....


Dungeon Overview and Level Annotations

Branches:
Dungeon (3/15)

Altars:

Annotations:
D:1 1 runed door
D:2 Sigmund


Innate Abilities, Weirdness & Mutations

Your experience applies equally to all skills.
You have very sharp teeth.
Your uncanny sense of smell can sniff out nearby items.


Message History

There is a stone staircase leading up here.
Unknown command.
Found a ration.
c - 2 rations (gained 1) Autopickup is now off.
Found a ration.
You see here a ration.
You eat the ration.
That ration really hit the spot!
Found a ration.
You see here a ration.
You eat the ration.
That ration really hit the spot!
A hobgoblin comes into view.
The hobgoblin shouts!
You hear a shout!
Casting: Ensorcelled Hibernation
Confirm with . or Enter, or press ? or * to list all spells.
Aiming: Ensorcelled Hibernation
Press: ? - help, Shift-Dir - straight line, f - hobgoblin
Aim: a hobgoblin (chance to defeat MR: 56%)
The hobgoblin looks drowsy...
A hobgoblin comes into view. It is wielding a club.
The hobgoblin shouts!
The hobgoblin hits you.
* * * LOW HITPOINT WARNING * * *
You barely miss the hobgoblin.
You bite the hobgoblin, but do no damage.
The hobgoblin hits you.
* * * LOW HITPOINT WARNING * * *
You closely miss the hobgoblin. The hobgoblin closely misses you.
Casting: Ensorcelled Hibernation
Confirm with . or Enter, or press ? or * to list all spells.
You grow a pair of large bovine horns.
The hobgoblin closely misses you.
Casting: Beastly Appendage
Confirm with . or Enter, or press ? or * to list all spells.
Aiming: Corona
Press: ? - help, Shift-Dir - straight line, f/p - hobgoblin
Aim: a hobgoblin (chance to defeat MR: 66%)
The hobgoblin is outlined in light.
Your transformation is almost over.
The hobgoblin hits you.
* * * LOW HITPOINT WARNING * * *
You hit the hobgoblin. You bite the hobgoblin.
The hobgoblin is heavily wounded.
The hobgoblin barely misses you.
You hit the hobgoblin.
You kill the hobgoblin!
You closely miss the hobgoblin. Your headbutt misses the hobgoblin.
The hobgoblin hits you with a club.
* * * LOW HITPOINT WARNING * * *
You hit the hobgoblin.
The hobgoblin is severely wounded.
The hobgoblin hits you with a club.
* * * LOW HITPOINT WARNING * * *
You hit the hobgoblin.
You kill the hobgoblin!
Things that are here:
a club; a gold piece; a hobgoblin corpse Your horns disappear.
Sigmund the Dreaded comes into view.
He is wielding a scythe of venom.
Memorise Confuse, consuming 3 spell levels and leaving 0?
You start memorising the spell.
You continue memorising. x3
You finish memorising.
Spell assigned to 'c'.
Casting: Corona
Confirm with . or Enter, or press ? or * to list all spells.
Aiming: Confuse
Press: ? - help, Shift-Dir - straight line, f - Sigmund
Aim: Sigmund, wielding a scythe of venom and wearing a robe (hasn't noticed you, chance to defeat MR: 51%)
Okay, then.
You hit Sigmund but do no damage.
Sigmund giggles. "Time to reap what you sow."
Sigmund points at you and mumbles some strange words.
The magic dart hits you!
* * * LOW HITPOINT WARNING * * *
Okay, then.
It was a potion of magic.
Magic courses through your body. Sigmund hits you but does no damage.
Casting: Confuse
Confirm with . or Enter, or press ? or * to list all spells.
Aiming: Confuse
Press: ? - help, Shift-Dir - straight line, f - Sigmund
Aim: Sigmund, wielding a scythe of venom and wearing a robe (chance to defeat MR: 51%) Sigmund resists with significant effort.
Sigmund closely misses you.
Casting: Confuse
Confirm with . or Enter, or press ? or * to list all spells.
Aiming: Confuse
Press: ? - help, Shift-Dir - straight line, f/p - Sigmund
Aim: Sigmund, wielding a scythe of venom and wearing a robe (chance to defeat MR: 51%) Sigmund appears confused.
You catch the helpless Sigmund completely off-guard!
You puncture Sigmund!
Sigmund is moderately wounded.
You hit Sigmund.
Sigmund is moderately wounded.
You hit Sigmund but do no damage.
Sigmund is moderately wounded.
Sigmund laughs at nothing.
You hit Sigmund.
Sigmund is moderately wounded.
Sigmund hits you with a scythe of venom!
You die...

###.### ########
#.....# #
#......#
#.....###.#.
#.####.#
#........... #.#
#.# #.........
###.#
#.###......#
....#
#..).......#
#####
#####.#.#######.#
#.#..@@.....#
..###########
####


You could see Sigmund (confused).

Vanquished Creatures
  An adder (D:2)
  2 dart slugs
  2 bats (D:1)
  A giant cockroach (D:1)
  3 hobgoblins (D:2)
  3 kobolds
  A frilled lizard (D:2)
  3 rats (D:1)
16 creatures vanquished.

Notes
Turn   | Place    | Note
-------+----------+-------------------------------------------
     0 | D:1      | tidbits the Gnoll Wanderer began the quest for the Orb.
     0 | D:1      | tidbits set off with: a book of Maledictions, the Grimoire of Transmutation, a potion of lignification, a +0 robe, a +0 dagger, a ration
     0 | D:1      | Reached XP level 1. HP: 20/20 MP: 4/4
     0 | D:1      | Identified the Grimoire of Transmutation
     2 | D:1      | Learned a level 1 spell: Corona
     4 | D:1      | Learned a level 1 spell: Beastly Appendage
     7 | D:1      | Found a runed door.
    64 | D:1      | Reached XP level 2. HP: 6/26 MP: 1/5
   208 | D:2      | Learned a level 2 spell: Ensorcelled Hibernation
   265 | D:2      | Reached XP level 3. HP: 9/31 MP: 1/7
   382 | D:2      | Noticed Sigmund
   388 | D:2      | Learned a level 3 spell: Confuse
   389 | D:2      | HP: 2/31 [Sigmund/magic dart (6)]
   398 | D:2      | Mangled by Sigmund

Action                   || total
-------------------------++-------
Melee: Dagger            ||    40
       Unarmed           ||     7
       Bite              ||     5
 Cast: Corona            ||    10
       Beastly Appendage ||     3
       Ensorcelled Hiber ||     2
       Confuse           ||     2
  Use: Potion            ||     3
 Stab: Sleeping          ||     4
       Confused          ||     1
  Eat: Ration            ||     2
Armor: Robe              ||    15
       Skin              ||    10
Dodge: Dodged            ||    41

Table legend:
 A = Turns spent in this place as a percentage of turns spent in the entire game.
 B = Non-inter-level travel turns spent in this place as a percentage of non-inter-level travel turns spent in the entire game.
 C = Inter-level travel turns spent in this place as a percentage of turns spent in this place.
 D = Turns resting spent in this place as a percentage of non-inter-level travel turns spent in this place.
 E = Turns spent auto-exploring this place as a percentage of non-inter-level travel turns spent in this place.
 F = Non-inter-level travel turns spent in this place divided by the number of levels of this place that you've seen.
                   A       B       C       D       E      F
               +-------+-------+-------+-------+-------+----------------------
         Total | 100.0 | 100.0 |   0.0 |   0.0 |   0.0 | 132.7
       Dungeon | 100.0 | 100.0 |   0.0 |   0.0 |   0.0 | 132.7
               +-------+-------+-------+-------+-------+----------------------

Table legend:
 A = Kills in this place as a percentage of kills in entire the game.
 B = Kills by you in this place as a percentage of kills by you in the entire game.
 C = Kills by friends in this place as a percentage of kills by friends in the entire game.
 D = Other kills in this place as a percentage of other kills in the entire game.
 E = Experience gained in this place as a percentage of experience gained in the entire game.
 F = Experience gained in this place divided by the number of levels of this place that you have seen.
                   A       B       C       D       E      F
               +-------+-------+-------+-------+-------+----------------------
         Total | 100.0 | 100.0 |   N/A |   N/A | 100.0 |  14.3
       Dungeon | 100.0 | 100.0 |   N/A |   N/A | 100.0 |  14.3
               +-------+-------+-------+-------+-------+----------------------

Vault maps used:
D:1:      dpeg_arrival_caged_fury
D:2:      nicolae_overflow_hidden_temple, lemuel_zombie_altar_kikubaaqudgha,
          lemuel_crystal_altar, grunt_dithmenos_smoke_and_mirrors,
          uniq_crazy_yiuf_cottage, uniq_sigmund
D:3:      portal_sewer_entry_a, fedhas_altar_4, uniq_jessica
